 Dungeon Crawl Stone Soup version 0.32-a0-630-g46d191b0ed (webtiles) character file.

Game seed: 10417589884757881029

7251 Jaxible the Spear-Bearer (level 10, -5/94 HPs)
             Began as a Minotaur Berserker on Mar 6, 2024.
             Was a High Priest of Trog.
             Slain by an orc knight
             ... wielding a +0 broad axe
              (15 damage)
             ... on level 2 of the Orcish Mines.
             The game lasted 00:57:49 (10118 turns).

Jaxible the Spear-Bearer (Minotaur Berserker)      Turns: 10118, Time: 00:57:49

Health: -5/94      AC: 21    Str: 27    XL:     10   Next: 88%
Magic:  9/9        EV:  9    Int:  4    God:    Trog [*****.]
Gold:   680        SH:  4    Dex:  9    Spells: 9/9 levels left

rFire   . . .        u - +4 halberd (freeze)
rCold   . . .        (shield currently unavailable)
rNeg    + . .        v - +1 plate armour {rN+}
rPois   .            (helmet restricted)
rElec   .            (no cloak)
rCorr   .            (no gloves)
SInv    .            q - +1 pair of boots {rampage}
Will    +....        (no amulet) Stlth
                     F - ring of willpower
HPRegen 0.35/turn    t - +4 ring of slaying
MPRegen 0.11/turn

%: rampage
@: on berserk cooldown, slowed, studying Fighting, very slow
A: horns 2, retaliatory headbutt, iridescent scales 1, large bone plates 1,
shaggy fur 1
a: Renounce Religion, Berserk, Trog's Hand, Brothers in Arms


You were on level 2 of the Orcish Mines.
You worshipped Trog.
Trog was extremely pleased with you.
You visited 2 branches of the dungeon, and saw 11 of its levels.

You collected 680 gold pieces.

Inventory:

Hand Weapons
 k - a +3 battleaxe of freezing
 u - a +4 halberd of freezing (weapon)
 y - a +3 trident of draining
 E - a +2 scythe of protection
 T - the +1 long sword "Roar" {freeze, rN+ Will+}
   (You found it on level 7 of the Dungeon)

   rN+:       It protects you from negative energy.
   Will+:     It increases your willpower.
 V - a +2 spear of flaming
Missiles
 x - 25 poisoned darts (quivered)
Armour
 i - +0 steam dragon scales
 l - a +1 chain mail
 n - +0 steam dragon scales
 q - a +1 pair of boots of rampaging (worn)
 v - a +1 plate armour of positive energy (worn)
 w - a +0 robe of positive energy
 D - +0 acid dragon scales
 Q - a +0 pair of boots
 W - a +0 buckler
Magical Staves
 z - the staff "Zysig" {rElec rPois Will+ Str+6 Alchemy}
   (You found it on level 9 of the Dungeon)

   [staff of alchemy]

   Base accuracy: +5 Base damage: 5 Base attack delay: 1.2 This weapon's minimum
   attack delay (0.6) is reached at skill level 12.
   Str+6:     It affects your strength (+6).
   rElec:     It insulates you from electricity.
   rPois:     It protects you from poison.
   Will+:     It increases your willpower.
   Alchemy:   It increases the power of your Alchemy spells.
   It falls into the 'Staves' category.
   It is a one-handed weapon.
   Trog disapproves of the use of such an item.
Jewellery
 c - a ring of poison resistance
 e - a ring of magical power
 j - a ring of protection from cold
 t - a +4 ring of slaying (right hand)
 F - a ring of willpower (left hand)
Wands
 a - a wand of mindburst (16)
 b - a wand of digging (5)
 s - a wand of polymorph (5)
 K - a wand of flame (17)
Scrolls
 d - a scroll of poison
 f - 2 scrolls of immolation
 m - a scroll of vulnerability
 B - a scroll of silence {unknown}
 U - a scroll of fog
Potions
 g - a potion of lignification
 h - 2 potions of attraction
 o - 3 potions of curing
 p - 2 potions of might
 r - 3 potions of invisibility
 A - 9 potions of degeneration
 C - a potion of magic


   Skills:
 + Level 10.9 Fighting
 + Level 13.7 Polearms
 + Level 10.7 Armour
 + Level 4.9 Dodging
 + Level 1.5 Stealth
 + Level 1.2 Shields


You had 9 spell levels left.
You didn't know any spells.
Your spell library contained the following spells:

 Spells                   Type           Power      Damage    Failure   Level
 Kiss of Death            Conj/Necr      0%         2d5       99%         1
 Confusing Touch          Hex            0%         N/A       100%        3
 Fugue of the Fallen      Necr           0%         N/A       100%        3
 Inner Flame              Hex/Fire       0%         N/A       100%        3
 Ozocubu's Armour         Ice            0%         N/A       100%        3
 Animate Dead             Necr           0%         N/A       100%        4
 Dispel Undead            Necr           0%         3d6       100%        4
 Manifold Assault         Tloc           0%         N/A       100%        4
 Irradiate                Conj/Alch      0%         3d11      100%        5
 Haunt                    Necr/Summ      0%         N/A       100%        7
 Ignition                 Fire           0%         3d3       100%        8
 Infestation              Necr           0%         N/A       100%        8


Dungeon Overview and Level Annotations

Branches:
Dungeon (9/15)             Temple (0/1) D:4             Orc (2/2) D:9
   Lair: D:8-11         Elf: Orc:2

Altars:
Elyvilon
Fedhas
Hepliaklqana
Makhleb
Qazlal
Ru
Sif Muna
The Shining One

Shops:
D:3 =   D:6 *


Innate Abilities, Weirdness & Mutations

You have a pair of horns on your head.
You reflexively headbutt those who attack you in melee.
You are partially covered in iridescent scales. (AC +2)
You are partially covered in large bone plates. (SH +4)
You are covered in fur. (AC +1)


Message History

The kobold blastminer blasts its cannon at you.
The iron shot hits you!
* * * LOW HITPOINT WARNING * * *
The troll barely misses you. You furiously retaliate!
You headbutt the troll! The troll closely misses you. x2
The orc wizard attacks as it pursues you!
You block the orc wizard's attack. The orc wizard barely misses you.
A kobold blastminer comes into view.
The orc priest invokes the aid of Beogh against you.
Beogh smites you!
* * * LOW HITPOINT WARNING * * *
An orc comes into view. It is wielding a +0 trident.
There is a staircase back to the Dungeon, spattered with blood here.
Things that are here:
a +0 giant club; a +0 dagger; a +0 robe You feel a strong urge to attack something.
The troll bites you but does no damage. The troll barely misses you.
The troll closely misses you.
The orc wizard hits you with a +0 dagger.
* * * LOW HITPOINT WARNING * * *
There is a stone staircase leading down here.
The kobold blastminer shouts!
You hear a shout! x2
The warg bites you but does no damage.
You climb downwards.
You feel your anger nearly subside.
You are no longer berserk.
You are exhausted.
You feel yourself slow down.
Found 21 gold pieces.
There is a stone staircase leading up here.
You slice the orc wizard!! You freeze the orc wizard.
You kill the orc wizard!
Trog accepts your kill.
Trog appreciates your killing of a magic user.
The warg bites you.
* * * LOW HITPOINT WARNING * * *
The orc knight barely misses you.
The orc wizard hits you but does no damage.
You barely miss the orc knight. The warg bites you but does no damage.
The orc knight hits you with a +0 broad axe!
You die...

. ...
.....####
......h@#
......o)oT.#
$.......#.##
...........#
....#.... .#
...##...##.#
..# ^.... #
.. ...##.


You could see an orc knight, a troll, a warg and an orc wizard (strong).

Vanquished Creatures
  The ghost of Fodor the Blocker, a novice MiFi of Gozag (D:7)
  The ghost of liriel the Thaumaturge, a novice DEWn of Kikubaaqudgha (D:9)
  Jeremiah (D:8)
  Grinder (D:5)
  A slime creature (D:9)
  Sigmund (D:5)
  A wyvern (D:9)
  3 steam dragons
  A basilisk (D:9)
  2 acid dragons (D:9)
  A swamp drake (D:9)
  A sky beast (D:7)
  9 orc warriors
  6 ogres
  2 ice beasts
  8 centaurs
  A phantom (D:7)
  2 kobold brigands
  A gnoll sergeant (D:7)
  2 scorpions
  2 bullfrogs (D:7)
  5 wights (D:8)
  A killer bee (D:9)
  7 howler monkeys
  3 orc priests
  A hound (D:4)
  A jelly (D:7)
  2 bombardier beetles
  4 iguanas
  15 orc wizards
  3 sleepcaps
  5 gnolls (D:7)
  8 adders
  A shadow imp (D:7)
  A white imp (D:7)
  2 ufetubi (D:6)
  6 dart slugs
  3 ribbon worms
  42 orcs
  6 ball pythons
  9 endoplasms
  A giant cockroach (D:1)
  5 hobgoblins
  2 jackals (D:1)
  A quokka (D:2)
  4 bats
  2 frilled lizards
  6 goblins
  26 kobolds
  3 rats
223 creatures vanquished.

Vanquished Creatures (others)
  An orc wizard (D:4)
1 creature vanquished.

Grand Total: 224 creatures vanquished

Notes
Turn   | Place    | Note
-------+----------+-------------------------------------------
     0 | D:1      | Jaxible the Minotaur Berserker began the quest for the Orb.
     0 | D:1      | Reached XP level 1. HP: 19/19 MP: 0/0
   159 | D:1      | Reached XP level 2. HP: 23/27 MP: 1/1
   316 | D:1      | Reached skill level 4 in Polearms
   814 | D:2      | Reached ** piety under Trog
   815 | D:2      | Reached XP level 3. HP: 33/33 MP: 2/2
   869 | D:2      | Found a faded altar of an unknown god.
  1426 | D:3      | Found a glowing golden altar of the Shining One.
  1437 | D:3      | Reached XP level 4. HP: 39/41 MP: 3/3
  1592 | D:3      | Found a stormy altar of Qazlal.
  1592 | D:3      | Found a white marble altar of Elyvilon.
  1659 | D:3      | Found Downoico's Jewellery Boutique.
  1921 | D:3      | Reached skill level 5 in Polearms
  2355 | D:4      | Found a staircase to the Ecumenical Temple.
  2387 | D:4      | Found a hazy altar of Hepliaklqana.
  2387 | D:4      | Found a burning altar of Makhleb.
  2388 | D:4      | Noticed an ogre
  2437 | D:4      | Killed an ogre
  2438 | D:4      | Reached skill level 5 in Fighting
  2438 | D:4      | Reached XP level 5. HP: 17/48 MP: 4/4
  2649 | D:4      | Reached skill level 6 in Polearms
  2739 | D:4      | Reached XP level 6. HP: 45/56 MP: 5/5
  2802 | D:4      | Found a blossoming altar of Fedhas.
  3258 | D:5      | Entered Level 5 of the Dungeon
  3280 | D:5      | Gained mutation: You are strong-willed. (Will+) [potion of
                  | mutation]
  3337 | D:5      | Found a sacrificial altar of Ru.
  3668 | D:5      | Reached skill level 7 in Polearms
  3675 | D:5      | Reached XP level 7. HP: 21/61 MP: 6/6
  3996 | D:5      | Noticed Sigmund
  4002 | D:5      | Killed Sigmund
  4003 | D:5      | Reached skill level 5 in Armour
  4054 | D:5      | Noticed Grinder
  4063 | D:5      | Killed Grinder
  4064 | D:5      | Reached skill level 8 in Polearms
  4451 | D:6      | Reached XP level 8. HP: 51/71 MP: 7/7
  4675 | D:6      | Reached skill level 1 in Stealth
  4766 | D:6      | Reached *** piety under Trog
  5161 | D:6      | Found Maff's Overcharged Wands.
  5593 | D:7      | Reached skill level 9 in Polearms
  5619 | D:7      | Noticed Fodor's ghost (novice MiFi)
  5655 | D:7      | Reached XP level 9. HP: 33/79 MP: 8/8
  5805 | D:7      | Found a runed translucent gate.
  5805 | D:7      | Found a runed translucent gate.
  5805 | D:7      | Found a runed translucent gate.
  5828 | D:7      | Killed Fodor's ghost
  5829 | D:7      | Reached skill level 10 in Polearms
  5928 | D:7      | Identified the +1 long sword "Roar" {freeze, rN+ Will+}
  6028 | D:7      | Reached **** piety under Trog
  6227 | D:7      | Reached skill level 11 in Polearms
  7195 | D:8      | Noticed Jeremiah
  7214 | D:8      | Killed Jeremiah
  7215 | D:8      | Reached skill level 12 in Polearms
  7254 | D:8      | Identified a scroll of acquirement
  7254 | D:8      | Acquired a manual of Fighting
  7454 | D:8      | Reached XP level 10. HP: 84/90 MP: 9/9
  7801 | D:8      | Lost mutation: You are strong-willed. (Will+) [potion of
                  | mutation]
  7801 | D:8      | Gained mutation: Your flesh is heat resistant. (rF+)
                  | [potion of mutation]
  7801 | D:8      | Gained mutation: You have a pair of large horns on your
                  | head. [potion of mutation]
  7801 | D:8      | Gained mutation: Armour fits poorly on your strangely
                  | shaped body. [potion of mutation]
  7802 | D:8      | Lost mutation: Your flesh is heat resistant. (rF+) [potion
                  | of mutation]
  7802 | D:8      | Lost mutation: You have a pair of large horns on your head.
                  | [potion of mutation]
  7802 | D:8      | Lost mutation: Armour fits poorly on your strangely shaped
                  | body. [potion of mutation]
  7802 | D:8      | Gained mutation: You have a pair of large horns on your
                  | head. [potion of mutation]
  7802 | D:8      | Gained mutation: You are agile. (Dex +4, Str/Int -1)
                  | [potion of mutation]
  7803 | D:8      | Lost mutation: You are agile. (Dex +4, Str/Int -1) [potion
                  | of mutation]
  7803 | D:8      | Lost mutation: You have a pair of large horns on your head.
                  | [potion of mutation]
  7803 | D:8      | Gained mutation: You are partially covered in large bone
                  | plates. (SH +4) [potion of mutation]
  7803 | D:8      | Gained mutation: You are covered in fur. (AC +1) [potion of
                  | mutation]
  7803 | D:8      | Gained mutation: You are partially covered in iridescent
                  | scales. (AC +2) [potion of mutation]
  8584 | D:9      | Noticed liriel's ghost (novice DEWn)
  8593 | D:9      | Found a transporter.
  8596 | D:9      | Found a transporter.
  8611 | D:9      | Reached skill level 10 in Armour
  8630 | D:9      | Reached skill level 13 in Polearms
  8636 | D:9      | Killed liriel's ghost
  8638 | D:9      | Reached skill level 10 in Fighting
  8991 | D:9      | Found a shimmering blue altar of Sif Muna.
  9129 | D:9      | Identified the staff "Zysig" {rElec rPois Will+ Str+6
                  | Alchemy}
  9383 | D:9      | Found a staircase to the Orcish Mines.
  9389 | D:9      | Reached skill level 1 in Shields
  9390 | D:9      | Reached ***** piety under Trog
 10100 | Orc:1    | Entered Level 1 of the Orcish Mines
 10100 | Orc:1    | Noticed a kobold blastminer
 10103 | Orc:1    | Noticed an orc knight
 10113 | Orc:1    | Noticed a kobold blastminer
 10116 | Orc:2    | Entered Level 2 of the Orcish Mines
 10118 | Orc:2    | Slain by an orc knight

Illustrated notes

Levels and vault maps discovered:
D:1:      heliophobic_arrival_glass_houses, layout_basic, kennysheep_nondescript
D:2:      layout_rooms, serial_curves, eino_curves_01, eino_curves_04,
          hellmonk_ecumenical_altar_slurped_away
D:3:      layout_loops_cross, old_standard_altar,
          gammafunk_temple_overflow_wave, serial_shops, shop
D:4:      layout_cave_pods, fedhas_altar_3, jmf_multi_god_temple,
          minmay_temple_entry_trees
D:5:      layout_basic, nicolae_overflow_hidden_temple, uniq_grinder,
          uniq_sigmund
D:6:      layout_basic, grunt_decor_arrowhead, nicolae_zen_rock_garden,
          nicolae_shop_overcharged_wands
D:7:      kennysheep_kobold_camp, layout_basic, gammafunk_ghost_split,
          minivault_26
D:8:      layout_basic, uniq_jeremiah
D:9:      layout_basic, mainiacjoe_overflow_six_doors_small, erik_orc_1,
          nzn_ghost_randoct
Orc:1:    layout_caves
Orc:2:    grunt_orc_gardens, layout_diamond_mine, grunt_orc_garden,
          grunt_orc_garden, grunt_orc_garden, grunt_orc_garden

Skill      XL: |  1  2  3  4  5  6  7  8  9 10 |
---------------+-------------------------------+-----
Fighting       | 4 5 6 7 8 10 | 10.9
Polearms       | 4 5 6 7 8 9 12 13 | 13.7
Armour         | 3 4 6 7 9 10 | 10.7
Dodging        | 3 4 |  4.9
Stealth        | 1 |  1.5
Shields        | 1 |  1.2

Action                     |  1- 3 |  4- 6 |  7- 9 | 10-12 || total
---------------------------+-------+-------+-------+-------++-------
  Melee: Spear             |   100 |   149 |    17 |       ||   266
         Headbutt          |    11 |    23 |    56 |    22 ||   112
         Halberd           |       |       |   214 |   103 ||   317
         Trident           |       |       |     5 |    16 ||    21
 Invoke: Berserk           |       |       |     1 |     2 ||     3
    Use: Scroll            |       |     3 |     8 |    12 ||    23
         Potion            |       |     2 |     3 |     6 ||    11
 Armour: Animal skin       |    16 |       |       |       ||    16
         Chain mail        |    33 |    97 |   230 |   101 ||   461
         Plate armour      |       |       |       |    41 ||    41
  Dodge: Dodged            |    27 |    45 |   124 |    52 ||   248
  Block: Other             |       |       |       |    23 ||    23

Table legend: (Time is in decaauts)
 A = Elapsed time spent in this place.
 B = Non-inter-level travel time spent in this place.
 C = Inter-level travel time spent in this place.
 D = Time resting spent in this place.
 E = Time spent auto-exploring this place.
 F = Levels seen in this place.
 G = Mean time per level.
                   A        B        C        D        E       F      G
               +--------+--------+--------+--------+--------+-----+--------+
         Total |  10060 |   9769 |    291 |   1312 |   5412 |  11 |  914.5 |
       Dungeon |  10047 |   9756 |    291 |   1312 |   5412 |   9 | 1116.3 |
  Orcish Mines |     13 |     13 |      0 |      0 |      0 |   2 |    6.5 |
               +--------+--------+--------+--------+--------+-----+--------+

Top non-repeatable levels by time:
     D:9: 1862 daAuts
     D:8: 1369 daAuts
     D:7: 1281 daAuts
     D:5: 1167 daAuts
     D:6: 1135 daAuts
     D:4: 1023 daAuts
     D:3: 796 daAuts
     D:1: 794 daAuts
     D:2: 616 daAuts
   Orc:1: 11 daAuts
   Orc:2: 1 daAuts
